 Dungeon Crawl Stone Soup version 0.24.0-123-gd5b16e6ec5 (webtiles) character file.

Game seed: 2892455222014771510, levelgen mode: deterministic

64 FishyPogo the Skirmisher (level 3, -2/29 HPs)
             Began as a Demonspawn Fighter on Feb 4, 2020.
             Was an Initiate of Okawaru.
             Slain by an iguana (10 damage)
             ... on level 2 of the Dungeon.
             The game lasted 00:05:12 (1444 turns).

FishyPogo the Skirmisher (Demonspawn Fighter)       Turns: 1444, Time: 00:05:13

Health: -2/29      AC:  6    Str: 19    XL:     3   Next: 91%
Magic:  3/3        EV:  7    Int:  9    God:    Okawaru [......]
Gold:   105        SH: 15    Dex: 12    Spells: 2/2 levels left

rFire    . . .     SeeInvis .   a - +0 rapier
rCold    . . .     Gourm    .   c - +0 shield
rNeg     . . .     Faith    .   b - +0 scale mail
rPois    .         Spirit   .   (no helmet)
rElec    .         Reflect  +   (no cloak)
rCorr    .         Harm     .   (no gloves)
MR       .....                  (no boots)
Stlth    ..........             q - +2 amulet of reflection
HPRegen  0.09/turn              j - ring of flight
MPRegen  0.08/turn              o - +2 ring of strength

@: no status effects
A: large bone plates 1, powered by death 1
a: Renounce Religion, Evoke Flight


You were on level 2 of the Dungeon.
You worshipped Okawaru.
Okawaru was noncommittal.
You were not hungry.

You visited 1 branch of the dungeon, and saw 2 of its levels.

You collected 105 gold pieces.

Inventory:

Hand Weapons
 a - a +0 rapier (weapon)
Missiles
 e - 45 stones
 r - 2 javelins (quivered)
Armour
 b - a +0 scale mail (worn)
 c - a +0 shield (worn)
 k - a +2 leather armour of fire resistance
Jewellery
 j - a ring of flight (left hand)
 o - a +2 ring of strength (right hand)
 q - a +2 amulet of reflection (around neck)
Scrolls
 i - 4 scrolls of identify {unknown}
 l - a scroll of amnesia {unknown}
 p - a scroll of magic mapping {unknown}
 s - a scroll of enchant weapon {unknown}
 t - a scroll of immolation {unknown}
Potions
 d - 2 potions of might
 h - a potion of lignification {unknown}
 m - a potion of haste {unknown}
 n - 2 potions of magic {unknown}
Comestibles
 f - 6 rations
 g - a chunk of flesh


   Skills:
 + Level 3.5 Fighting
 + Level 2.2 Short Blades
 * Level 3.4 Armour
 + Level 3.1 Shields


You had 2 spell levels left.
You didn't know any spells.
Your spell library was empty.

Dungeon Overview and Level Annotations

Branches:
Dungeon (2/15)

Altars:
Dithmenos
Okawaru
The Shining One

Annotations:
D:2 Sigmund


Innate Abilities, Weirdness & Mutations

You are partially covered in large bone plates. (SH +4)
You regenerate a little health from kills.


Message History

You closely miss the iguana.
The iguana is moderately wounded.
The iguana bites you but does no damage.
You hit the iguana.
The iguana is heavily wounded.
The iguana bites you but does no damage.
You closely miss the iguana.
The iguana is heavily wounded.
You block the iguana's attack.
You hit the iguana.
The iguana is severely wounded.
You block the iguana's attack.
You hit the iguana.
The iguana is severely wounded.
The iguana bites you.
* * * LOW HITPOINT WARNING * * *
Your shield prevents you from hitting the iguana.
The iguana is severely wounded.
The iguana closely misses you. The iguana bites you!
You die...

......##.......##.>.♣.>.#
......#........##.......#
......'÷.......#....#
......#.......##...##
#..#####......#...)# ##.#
##.....+.♣.## #.#
##...##bg.# #.#
##'####l## #.# #.# #@#
#.# #.# ##.# #.#
##.###..# #.. #.......#
### #.............
##....##.##### #..#.##.#
......##.# ###.#####.#


You could see an iguana, a hobgoblin and a bat.

Vanquished Creatures
  2 adders (D:2)
  An ooze (D:1)
  A worm (D:2)
  3 dart slugs (D:2)
  A leopard gecko (D:1)
  8 bats
  2 giant cockroaches
  4 hobgoblins
  A frilled lizard (D:1)
  4 goblins
  4 kobolds (D:1)
  3 rats
34 creatures vanquished.

Notes
Turn   | Place    | Note
-------+----------+-------------------------------------------
     0 | D:1      | FishyPogo the Demonspawn Fighter began the quest for the
                  | Orb.
     0 | D:1      | Reached XP level 1. HP: 18/18 MP: 1/1
   137 | D:2      | Gained mutation: You are partially covered in large bone
                  | plates. (SH +4) [demonic ancestry]
   137 | D:2      | Reached XP level 2. HP: 7/24 MP: 2/2
   481 | D:2      | Gained mutation: You regenerate a little health from kills.
                  | [demonic ancestry]
   481 | D:2      | Reached XP level 3. HP: 23/29 MP: 3/3
   576 | D:2      | Found a faded altar of an unknown god.
   576 | D:2      | Found a glowing golden altar of the Shining One.
   581 | D:2      | Found a shadowy altar of Dithmenos.
   583 | D:2      | Found an iron altar of Okawaru.
   584 | D:2      | Found a faded altar of an unknown god.
   588 | D:2      | Became a worshipper of Warmaster Okawaru
  1269 | D:2      | Noticed Sigmund
  1444 | D:2      | Slain by an iguana

Levels and vault maps discovered:
D:1:      minmay_arrival_five_plusses, layout_basic
D:2:      layout_loops_corners, chequers_temple_overflow_minitemple,
          grunt_ministairs_13, kennysheep_generic_room_14, uniq_sigmund

Skill      XL: |  1  2 |
---------------+-------+-----
Short Blades   | 2 |  2.2
Armour         | 3 |  3.4
Shields        | 3 |  3.1
Fighting       | |  3.5

Action                   || total
-------------------------++-------
Melee: Rapier            ||   137
Throw: Javelin           ||     2
  Eat: Chunk             ||     2
Armor: Scale mail        ||    42
Dodge: Dodged            ||    19
Block: Shield            ||   117
       Reflection        ||     3
